 Dungeon Crawl Stone Soup version 0.17.1-3-g152610e (webtiles) character file.

53 buf2 the Charmwright (level 3, 0/37 HPs)
             Began as a High Elf Skald on Apr 18, 2016.
             Succumbed to an adder's poison
             ... on level 2 of the Dungeon.
             The game lasted 00:11:01 (1304 turns).

buf2 the Charmwright (High Elf Skald)               Turns: 1304, Time: 00:11:01

Health: 0/37       AC: 21    Str: 11    XL:     3   Next: 62%
Magic:  7/7        EV:  2    Int: 17    God:
Gold:   47         SH:  0    Dex: 19    Spells: 1 memorised, 6 levels left

rFire  . . .     SeeInvis .     a - +1 falchion
rCold  . . .     Clarity  .     (armour currently unavailable)
rNeg   + + +     SustAt   .     (no shield)
rPois  +         Gourm    .     (helmet currently unavailable)
rElec  .         Spirit   .     (cloak currently unavailable)
rCorr  .         Warding  .     (gloves currently unavailable)
rMut   .         NoTele   +     (boots currently unavailable)
MR     .....                    (no amulet)
Stlth  +++.......               (no ring)
                                m - +3 ring of slaying

@: agile, lethally poisoned (0 -> -8), tree-form, not resistant to hostile
enchantments, fairly stealthy
A: no striking features
a: no special abilities


You were on level 2 of the Dungeon.
You were not hungry.
You were a tree.
You visited 1 branch of the dungeon, and saw 2 of its levels.

You collected 47 gold pieces.

Inventory:

Hand Weapons
 a - a +1 falchion (weapon)
 n - a cursed -1 short sword
 s - a +1 whip of venom
 v - a +0 spear
 w - a +0 dagger of speed
 A - a +0 club
 B - a +0 hunting sling
Missiles
 g - 33 stones (quivered)
 l - 20 poisoned arrows
 u - 7 tomahawks
Armour
 b - a +0 leather armour (melded)
 e - a +0 robe
 h - a +0 robe
 i - a +0 cloak (melded)
 j - a +0 scale mail
 o - a +0 leather armour
 r - a +0 helmet
 x - a +0 scale mail
Jewellery
 m - a +3 ring of slaying (left branch)
 p - an uncursed amulet of rage {unknown}
 t - an uncursed amulet of resist mutation {unknown}
Scrolls
 y - a scroll of identify
Books
 c - a book of Battle

   Spells                             Type                      Level
   a - Infusion                       Charms                       1
   b - Shroud of Golubria             Charms/Translocation         2
   c - Song of Slaying                Charms                       2
   d - Spectral Weapon                Hexes/Charms                 3
   e - Regeneration                   Charms/Necromancy            3
Comestibles
 d - 2 bread rations
 q - a meat ration
 z - a chunk of flesh


   Skills:
 + Level 2.3 Fighting
 + Level 2.7 Long Blades
 + Level 0.2 Throwing
 + Level 1.6 Armour
 + Level 1.2 Dodging
 + Level 2.6 Spellcasting
 + Level 4.5 Charms


You had 6 spell levels left.
You knew the following spells:

 Your Spells              Type           Power        Failure   Level  Hunger
a - Infusion              Chrm           ###...       2%          1    #......


Dungeon Overview and Level Annotations

Branches:
Dungeon (2/15)

Altars:


Message History

Your +0 cloak melds into your body.
Your +0 leather armour melds into your body.
Your roots penetrate the ground.
* * * LOW HITPOINT WARNING * * *
You feel sick.
Drink which item? (? for menu, Esc to quit)
It was a potion of agility.
You feel agile all of a sudden.
* * * LOW HITPOINT WARNING * * *
You feel sick.
You cannot move.
You cannot move.
You cannot move.
* * * LOW HITPOINT WARNING * * *
You feel sick.
* * * LOW HITPOINT WARNING * * *
You feel sick.
* * * LOW HITPOINT WARNING * * *
You feel sick.
You die...

#.....#
##########.######
#### ...........#
#.# ...
.########### #.##..
.#### #.#.. ....#
#.#.# ###.# #.#.#
#.# #######...###
#.# #.......♣...+
#.#####.........###
#.#.............#
#.#.##..........#
#.#..#.............
#.#.............###
#.####..........#
#...............#
#################


There were no monsters in sight!

Vanquished Creatures
  2 adders (D:2)
  A ball python (D:1)
  A giant cockroach (D:1)
  5 goblins
  2 hobgoblins (D:1)
  4 jackals (D:1)
  6 kobolds (D:1)
  7 bats
  A giant newt (D:1)
  A rat (D:1)
30 creatures vanquished.

Notes
Turn   | Place    | Note
--------------------------------------------------------------
     0 | D:1      | buf2 the High Elf Skald began the quest for the Orb.
     0 | D:1      | Reached XP level 1. HP: 14/14 MP: 4/4
   330 | D:1      | Reached skill level 1 in Armour
   442 | D:1      | Reached XP level 2. HP: 14/19 MP: 4/6
   447 | D:1      | Reached skill level 4 in Charms
  1024 | D:1      | Reached XP level 3. HP: 24/24 MP: 7/7
  1303 | D:2      | HP: 1/37 [poisoned by an adder]
  1304 | D:2      | Succumbed to an adder's poison

Action                   || total
-------------------------++-------
Melee: Falchion          ||    64
       Dagger            ||     9
Throw: Stone             ||     7
  Use: Scroll            ||     4
       Potion            ||     2
  Eat: Chunk             ||     1
